 Dungeon Sprint DCSS version 0.18.1-50-g88ac8fd (webtiles) character file.

53 Nordron the Digger (level 3, -9/19 HPs)
             Began as a Gargoyle Earth Elementalist on Sept 30, 2016.
             Was an Initiate of Vehumet.
             Mangled by an orc warrior
             ... wielding a cursed +0 short sword
              (16 damage)
             ... in the Dungeon (Sprint IX: "|||||||||||||||||||||||||||||").
             The game lasted 00:05:49 (459 turns).

Nordron the Digger (Gargoyle Earth Elementalist)     Turns: 459, Time: 00:05:49

Health: -9/19      AC:  6    Str: 11    XL:     3   Next: 87%
Magic:  4/10       EV: 14    Int: 21    God:    Vehumet [......]
Gold:   0          SH:  0    Dex: 10    Spells: 1 memorised, 12 levels left

rFire  . . .     SeeInvis .     u - +4 quarterstaff "Qorikid" {elec, *Contam rPois Int+2}
rCold  . . .     Gourm    .     a - +0 robe
rNeg   + . .     Faith    .     (shield currently unavailable)
rPois  ∞         Spirit   .     (no helmet)
rElec  +         Dismiss  .     (no cloak)
rCorr  .         Reflect  .     p - +0 pair of gloves
SustAt .         Harm     .     (no boots)
MR     .....     NoTele   +     (no amulet)
Stlth  ++........               r - +3 ring of intelligence
                                q - +2 ring of evasion

@: not resistant to hostile enchantments, unstealthy
A: negative energy resistance 1, electricity resistance, unbreathing,
petrification resistance, rot immunity, AC +3
a: Renounce Religion


You were in the Dungeon.
You worshipped Vehumet.
Vehumet was noncommittal.
You were not hungry.

You visited 1 branch

Inventory:

Hand Weapons
 s - a +2 halberd of protection
 t - a +2 morningstar of protection
 u - the +4 quarterstaff "Qorikid" (weapon) {elec, *Contam rPois Int+2}
   (You found it in the Dungeon)

   Occasionally, upon striking a foe, it will discharge some electrical energy
   and cause terrible harm.
   It affects your intelligence (+2).
   It protects you from poison.
   It causes magical contamination when unequipped.
 v - a +2 rapier of venom
 w - a +2 scimitar of flaming
 x - a +3 war axe of freezing
Missiles
 b - 17 stones (quivered)
Armour
 a - a +0 robe (worn)
 p - a +0 pair of gloves (worn)
 y - a +1 scale mail
Magical Staves
 o - an uncursed staff of energy
Jewellery
 q - a +2 ring of evasion (left hand)
 r - a +3 ring of intelligence (right hand)
Wands
 n - a wand of iceblast (7/15)
Scrolls
 j - 2 scrolls of blinking
 l - 3 scrolls of remove curse
 m - 2 scrolls of amnesia
Potions
 e - 5 potions of curing
 f - 3 potions of heal wounds
 g - a potion of haste
 h - 4 potions of magic
 i - a potion of berserk rage
 k - a potion of invisibility
Books
 c - a book of Geomancy

   Spells                             Type                      Level
   a - Sandblast                      Earth                        1
   b - Passwall                       Transmutation/Earth          2
   c - Stone Arrow                    Conjuration/Earth            3
   d - Petrify                        Transmutation/Earth          4
   e - Lee's Rapid Deconstruction     Earth                        5
Comestibles
 d - a bread ration


   Skills:
 - Level 1.5 Dodging
 - Level 2.1 Stealth
 * Level 5.8 Spellcasting
   Level 0.7 Transmutations
 + Level 5.9 Earth Magic


You had 12 spell levels left.
You knew the following spells:

 Your Spells              Type           Power        Failure   Level  Hunger
a - Sandblast             Erth           ####..       1%          1    None


Dungeon Overview and Level Annotations

Branches:
Dungeon (1/1)

Altars:
Cheibriados
Dithmenos
Elyvilon
Fedhas
Gozag
Kikubaaqudgha
Makhleb
Nemelex Xobeh
Okawaru
Pakellas
Qazlal
Ru
Sif Muna
Trog
Vehumet
Xom
Yredelemnul
Zin
The Shining One
Beogh
Jiyva
Lugonu


Innate Abilities, Weirdness & Mutations

You are resistant to torment.
Your stone body is resilient (AC +3).
You are immune to poison.
You resist negative energy.
You are resistant to electric shocks.
You can survive without breathing.
You are immune to petrification.
You are immune to rotting.


Message History

The blast of sand hits the jelly.
You kill the jelly!
Vehumet accepts your kill.
Your Spellcasting skill increases to level 5!
You have reached level 3!
Your experience leads to an increase in your attributes!
Your base attributes are Str 11, Int 15, Dex 10.
Increase (S)trength, (I)ntelligence, or (D)exterity?
You feel clever.
You see here a +0 naga barding.
Casting: Sandblast
Confirm with . or Enter, or press ? or * to list all spells.
Aiming: Sandblast
Press: ? - help, Shift-Dir - straight line, f - orc warrior
Aim: an orc warrior, wielding a short sword and wearing a plate armour The blast of sand hits the orc warrior.
The orc warrior is moderately wounded.
The orc warrior hits you with a short sword!
Ouch! That really hurt!
You die... ▓▓▓▓▓▓▓▓▓▓▓▓▓▓▓▓▓▓▓▓▓▓▓▓▓▓▓ __________'.....@o.Tl.oa... ▓▓▓▓▓▓▓▓▓▓▓▓▓▓▓▓▓▓▓▓▓▓▓▓▓▓▓

You could see a troll, 2 orc warriors, a worker ant and a giant gecko.

Vanquished Creatures
  A jelly (D)
  An adder (D)
  An adder skeleton (D)
  A dart slug (D)
  2 bats (D)
  A quokka (D)
  A giant newt (D)
  A goblin (D)
  A jackal zombie (D)
  A rat (D)
11 creatures vanquished.

Notes
Turn   | Place    | Note
--------------------------------------------------------------
     0 | D        | Nordron the Gargoyle Earth Elementalist began the quest for the Orb.
     0 | D        | Reached XP level 1. HP: 10/10 MP: 3/3
   308 | D        | Reached XP level 2. HP: 15/15 MP: 3/6
   323 | D        | Reached skill level 5 in Earth Magic
   384 | D        | Found a glowing silver altar of Zin.
   384 | D        | Found a glowing golden altar of the Shining One.
   384 | D        | Found an ancient bone altar of Kikubaaqudgha.
   384 | D        | Found a basalt altar of Yredelemnul.
   384 | D        | Found a shimmering altar of Xom.
   384 | D        | Found a radiant altar of Vehumet.
   385 | D        | Found an iron altar of Okawaru.
   386 | D        | Found a burning altar of Makhleb.
   387 | D        | Found a deep blue altar of Sif Muna.
   388 | D        | Found a bloodstained altar of Trog.
   389 | D        | Found a sparkling altar of Nemelex Xobeh.
   390 | D        | Found a white marble altar of Elyvilon.
   391 | D        | Found a roughly hewn altar of Beogh.
   392 | D        | Became a worshipper of Vehumet
   393 | D        | Found a viscous altar of Jiyva.
   394 | D        | Found a corrupted altar of Lugonu.
   395 | D        | Found a blossoming altar of Fedhas.
   396 | D        | Found a snail-covered altar of Cheibriados.
   397 | D        | Found a shadowy altar of Dithmenos.
   398 | D        | Found a stormy altar of Qazlal.
   399 | D        | Found an opulent altar of Gozag.
   400 | D        | Found a sacrificial altar of Ru.
   401 | D        | Found an oddly glowing altar of Pakellas.
   442 | D        | Got the +4 quarterstaff "Qorikid" {elec, *Contam rPois Int+2}
   452 | D        | Noticed an orc warrior
   452 | D        | Noticed a troll
   452 | D        | Noticed an orc warrior
   457 | D        | Reached skill level 5 in Spellcasting
   457 | D        | Reached XP level 3. HP: 6/19 MP: 5/10
   459 | D        | Mangled by an orc warrior

Skill      XL: |  1  2 |
---------------+-------+-----
Spellcasting   | 3 5 |  5.8
Earth Magic    | 4 5 |  5.9
Dodging        | |  1.5
Stealth        | |  2.1
Transmutations | |  0.7

Action                   || total
-------------------------++-------
Melee: Unarmed           ||    25
 Cast: Sandblast         ||    13
 Stab: Sleeping          ||     2
Armor: Robe              ||     8
Dodge: Dodged            ||    24
